 Seeded DCSS version 0.29.1 (webtiles) character file.

Game seed: 9708579739092153053 (custom seed)

5156 GigaChad the Basher (level 10, -1/90 HPs)
             Began as a Minotaur Fighter on Sept 14, 2022.
             Was a Believer of Ashenzari.
             Killed from afar by an electric eel (6 damage)
             ... with a bolt of electricity
             ... on level 9 of the Dungeon.
             The game lasted 00:16:51 (7275 turns).

GigaChad the Basher (Minotaur Fighter)              Turns: 7275, Time: 00:16:52

Health: -1/90      AC: 17    Str: 26    XL:     10   Next: 33%
Magic:  8/8        EV:  7    Int:  5    God:    Ashenzari [**....]
Gold:   1656       SH:  9    Dex: 17    Spells: 9/9 levels left

rFire   . . .      SeeInvis +   f - +7 mace of the Maze {spect, rPois Will+ Str+2}
rCold   . . .      Faith    .   H - +2 buckler of Supernal Understanding {Alch, Comp} (curse)
rNeg    . . .      Spirit   .   i - +0 plate armour of the Chained Seer {Evo, Elem} (curse)
rPois   +          Reflect  .   (helmet restricted)
rElec   .          Harm     .   o - +1 cloak {Stlth+}
rCorr   .          Rampage  .   (no gloves)
Will    +....                   (no boots)
Stlth   ..........              (no amulet)
HPRegen 0.25/turn               I - ring "Bound With Me" {Dex+6, Fort, Elem} (curse)
MPRegen 0.11/turn               (no ring)

@: flayed
A: horns 2, retaliatory headbutt, low MP 1
a: Renounce Religion, Shatter the Chains


You were on level 9 of the Dungeon.
You worshipped Ashenzari.
Ashenzari was pleased with you.
You visited 2 branches of the dungeon, and saw 10 of its levels.
You visited the Abyss 1 time.

You collected 1656 gold pieces.

Inventory:

Hand Weapons
 a - a +0 long sword
 f - the +7 mace of the Maze (weapon) {spect, rPois Will+ Str+2}
   (You found it on level 2 of the Dungeon)

   When its wielder attacks, the weapon's spirit leaps out and strikes again.
   The spirit shares a part of any damage it takes with its wielder.
   Str:       It affects your strength (+2).
   rPois:     It protects you from poison.
   Will:      It increases your willpower.
 p - a +3 vorpal eveningstar
 E - a +1 antimagic quarterstaff
 L - the +6 mace of Beid {holy, rPois MP-9 Dex+2}
   (You found it on level 8 of the Dungeon)

   It has been blessed by the Shining One to cause great damage to the undead
   and demons.
   Dex:       It affects your dexterity (+2).
   rPois:     It protects you from poison.
   MP:        It affects your magic capacity (-9).
Missiles
 v - 2 atropa-tipped darts (quivered)
Armour
 b - a +0 scale mail
 c - a +0 buckler
 i - the cursed +0 plate armour of the Chained Seer (worn) {Evo, Elem}
   (You found it on level 2 of the Dungeon)

   It has a curse which improves the following skills: Evocations: Evocations.
   Elements:  Fire Magic, Ice Magic, Air Magic and Earth Magic.
 o - a +1 cloak of stealth (worn)
 H - the cursed +2 buckler of Supernal Understanding (worn) {Alch, Comp}
   (You found it on level 8 of the Dungeon)

   It has a curse which improves the following skills: Alchemy: Poison Magic and
   Transmutations.
   Companions: Summonings and Necromancy.
Jewellery
 y - a ring of resist corrosion
 G - a ring of protection from cold
 I - the cursed ring "Bound With Me" (left hand) {Dex+6, Fort, Elem}
   (You found it on level 8 of the Dungeon)

   [ring of dexterity]

   Dex:       It affects your dexterity (+6).
   It has a curse which improves the following skills: Fortitude: Armour and
   Shields.
   Elements:  Fire Magic, Ice Magic, Air Magic and Earth Magic.
Wands
 n - a wand of flame (4)
 C - a wand of roots (3)
 J - a wand of charming (10)
Scrolls
 e - 3 scrolls of blinking
 g - 3 scrolls of noise
 h - 10 scrolls of identify
 k - a scroll of teleportation
 l - a scroll of fear
 q - 3 scrolls of immolation
 u - 3 scrolls of magic mapping
 A - a scroll of amnesia
 B - a scroll of poison
Potions
 d - a potion of might
 j - a potion of brilliance
 m - 3 potions of haste
 r - 2 potions of flight
 s - a potion of degeneration
 t - a potion of resistance
 w - a potion of heal wounds
 x - 2 potions of attraction
 z - a potion of magic
 D - 3 potions of lignification
 F - a potion of cancellation
 K - a potion of curing


   Skills:
 + Level 8.7 Fighting
 + Level 2.6 Long Blades
 + Level 11.2 Maces & Flails
 + Level 10.1(11.3) Armour
 + Level 0.6 Dodging
 + Level 1.3 Stealth
 + Level 8.1(9.4) Shields


You had 9 spell levels left.
You didn't know any spells.
Your spell library contained the following spells:

 Spells                   Type           Power      Damage    Failure   Level
 Necrotise                Necr           0%         1d4       99%         1
 Shock                    Conj/Air       0%         1d3       99%         1
 Swiftness                Air            0%         N/A       100%        3
 Vampiric Draining        Necr           0%         2d6       100%        3
 Airstrike                Air            0%         2d(0-16)  100%        4
 Agony                    Necr           0%         N/A       100%        5


Dungeon Overview and Level Annotations

Branches:
Dungeon (9/15)             Temple (1/1) D:6
   Lair: D:8-11         Orc: D:9-12

Altars:
Ashenzari
Dithmenos
Fedhas
Gozag
Hepliaklqana
Makhleb
Okawaru
Qazlal
Sif Muna
Vehumet
Xom
Yredelemnul
Zin
The Shining One

Annotations:
D:5 3 runed translucent doors, chamandro's ghost, novice DsAK
D:9 Erolcha


Innate Abilities, Weirdness & Mutations

You have a pair of horns on your head.
You reflexively headbutt those who attack you in melee.
Your magical capacity is low. (-10% MP)


Message History

You swap places.
The flayed ghost stares at you with tortured malice.
Terrible wounds open up all over your body!
The flayed ghost stares at you with tortured malice.
Terrible wounds spread across more of your body!
* * * LOW HITPOINT WARNING * * *
There is a gateway leading out of the Abyss here.
You see here an apocalypse crab corpse.
You feel a little less agile now.
You pass through the gate.
Welcome back to the Dungeon!
Level annotation: Erolcha
There are monsters nearby!
Erolcha closely misses you. You furiously retaliate!
You headbutt Erolcha! You barely miss Erolcha. You headbutt Erolcha!
Erolcha is heavily wounded.
Your +7 mace of the Maze {spect, rPois Will+ Str+2} hits Erolcha!
The electric eel shoots out a bolt of lightning at you!
The bolt of electricity misses you. The bolt of electricity hits you.
* * * LOW HITPOINT WARNING * * *
The bolt of electricity hits the electric eel.
The electric eel completely resists.
Erolcha completely misses your +7 mace of the Maze {spect, rPois Will+ Str+2}.
You catch the helpless Erolcha completely off-guard!
You hit Erolcha but do no damage.
Erolcha is severely wounded.
Your +7 mace of the Maze {spect, rPois Will+ Str+2} hits Erolcha.
The electric eel shoots out a bolt of lightning at you!
The bolt of electricity hits you!
* * * LOW HITPOINT WARNING * * *
The bolt of electricity hits you.
* * * LOW HITPOINT WARNING * * *
The bolt of electricity hits the electric eel.
The electric eel completely resists.
You barely miss Erolcha. You headbutt Erolcha, but do no damage.
Erolcha is severely wounded.
Your +7 mace of the Maze {spect, rPois Will+ Str+2} hits Erolcha!
The electric eel shoots out a bolt of lightning at you!
The bolt of electricity hits you.
You die...

+ ,..# * .#.....#.##
#####.### * ~~.~~~~~..
#.......# * ~~~~~~~~♣.
#....<..# * ~.≈≈≈≈~~~♣
#.......# ,
~~~~~~~~~♣####.......#
~~♣~.~.~..#..'.......#
*
♣~~.~.(S.##.##.......#
, ♣O@....##.......#
.........#####.......#
* .......### ##+##.###
####### * * * #.# * ,
,, *.# , ,, , ,, ,*.#
* , , , ,* , , * *, ,


You could see Erolcha (distracted), an electric eel and a friendly +7 mace of
the Maze {spect, rPois Will+ Str+2} (summoned).

Vanquished Creatures
  An anaconda zombie (Abyss:1)
  A large abomination (Abyss:1)
  Joseph (D:8)
  An apocalypse crab (Abyss:1)
  A hellwing (Abyss:1)
  Prince Ribbit (D:7)
  Grinder (D:6)
  Eustachio (D:6)
  A steam dragon (D:7)
  A neqoxec (Abyss:1)
  2 small abominations (Abyss:1)
  2 water moccasins
  A sky beast (D:7)
  2 black bears (D:6)
  3 centaurs (D:8)
  A phantom (D:6)
  A kobold brigand (D:8)
  2 bullfrogs (D:8)
  2 necrophages
  4 scorpions
  A crimson imp (D:8)
  A quasit (Abyss:1)
  2 jellies
  5 orc priests
  2 hounds
  4 iguanas
  10 orc wizards
  Robin (D:4)
  10 adders
  A white imp (D:8)
  An ufetubus (D:5)
  4 worms
  2 dart slugs
  28 orcs
  2 bats (D:3)
  3 endoplasms
  3 giant cockroaches
  16 goblins
  6 hobgoblins
  4 jackals (D:2)
  3 quokkas (D:6)
  4 ball pythons
  2 frilled lizards
  8 kobolds
  2 rats (D:6)
155 creatures vanquished.

Vanquished Creatures (others)
  4 plants
4 creatures vanquished.

Grand Total: 159 creatures vanquished

Notes
Turn   | Place    | Note
-------+----------+-------------------------------------------
     0 | D:1      | GigaChad the Minotaur Fighter began the quest for the Orb.
     0 | D:1      | Reached XP level 1. HP: 19/19 MP: 0/0
   172 | D:2      | Identified the +7 mace of the Maze {spect, rPois Will+
                  | Str+2}
   336 | D:2      | Reached XP level 2. HP: 27/27 MP: 1/1
   972 | D:3      | Reached XP level 3. HP: 31/33 MP: 2/2
  1198 | D:3      | Reached skill level 1 in Maces & Flails
  1215 | D:3      | Identified 3 scrolls of acquirement
  1215 | D:3      | Acquired 1328 gold pieces
  1217 | D:3      | Acquired a +3 vorpal eveningstar
  1219 | D:3      | Acquired a +1 cloak of stealth
  1340 | D:3      | Reached skill level 2 in Maces & Flails
  1350 | D:3      | Reached XP level 4. HP: 35/41 MP: 3/3
  2091 | D:4      | Noticed Robin
  2092 | D:4      | Reached XP level 5. HP: 47/47 MP: 4/4
  2101 | D:4      | Killed Robin
  2102 | D:4      | Reached skill level 5 in Armour
  2280 | D:4      | Identified the +1 robe of Dogmatism {rPois Int+2 Dex+4
                  | Slay-2}
  2289 | D:4      | Reached skill level 3 in Maces & Flails
  2396 | D:4      | Reached skill level 5 in Fighting
  2784 | D:4      | Reached XP level 6. HP: 52/56 MP: 5/5
  2875 | D:5      | Entered Level 5 of the Dungeon
  2875 | D:5      | Noticed chamandro's ghost (novice DsAK)
  2875 | D:5      | Found a runed translucent gate.
  2875 | D:5      | Found a runed translucent gate.
  2875 | D:5      | Found a runed translucent gate.
  2891 | D:5      | Reached skill level 5 in Shields
  2969 | D:5      | Reached skill level 4 in Maces & Flails
  3025 | D:5      | Reached XP level 7. HP: 58/61 MP: 6/6
  3136 | D:5      | Reached skill level 5 in Maces & Flails
  3402 | D:6      | Found a staircase to the Ecumenical Temple.
  3478 | Temple   | Entered the Ecumenical Temple
  3483 | Temple   | Became a worshipper of Ashenzari the Shackled
  3626 | D:6      | Noticed Eustachio
  3646 | D:6      | Killed Eustachio
  3647 | D:6      | Reached skill level 6 in Maces & Flails
  3783 | D:6      | Found a large runed translucent door.
  3784 | D:6      | Found a large runed translucent door.
  3805 | D:6      | Noticed Grinder
  3808 | D:6      | Found a basalt altar of Yredelemnul.
  3812 | D:6      | Reached XP level 8. HP: 67/70 MP: 7/7
  3816 | D:6      | Found a radiant altar of Vehumet.
  3827 | D:6      | Paralysed by Grinder for 2 turns
  3833 | D:6      | Killed Grinder
  4241 | D:6      | Reached skill level 7 in Maces & Flails
  4724 | D:7      | Noticed Prince Ribbit
  4730 | D:7      | Killed Prince Ribbit
  4731 | D:7      | Reached skill level 8 in Maces & Flails
  4752 | D:7      | Reached XP level 9. HP: 64/79 MP: 8/8
  5344 | D:8      | Noticed Joseph
  5352 | D:8      | Killed Joseph
  5353 | D:8      | Reached skill level 9 in Maces & Flails
  5353 | D:8      | Reached skill level 1 in Stealth
  5420 | D:8      | Reached skill level 10 in Maces & Flails
  5922 | D:8      | Found a stormy altar of Qazlal.
  6082 | D:8      | Reached * piety under Ashenzari
  6576 | D:8      | Reached ** piety under Ashenzari
  6771 | D:8      | Identified the +6 mace of Beid {holy, rPois MP-9 Dex+2}
  7045 | D:9      | Noticed Erolcha
  7058 | Abyss:1  | Cast into level 1 of the Abyss (Erolcha)
  7110 | Abyss:1  | Noticed a large abomination
  7118 | Abyss:1  | Killed a large abomination
  7158 | Abyss:1  | Reached XP level 10. HP: 85/90 MP: 9/9
  7231 | Abyss:1  | Noticed an apocalypse crab
  7239 | Abyss:1  | Killed an apocalypse crab
  7249 | Abyss:1  | Reached skill level 11 in Maces & Flails
  7249 | Abyss:1  | Reached skill level 10 in Armour
  7256 | Abyss:1  | Gained mutation: Your magical capacity is low. (-10% MP) [a
                  | neqoxec]
  7262 | Abyss:1  | Noticed a flayed ghost
  7270 | D:9      | Escaped the Abyss
  7275 | D:9      | Killed from afar by an electric eel

Illustrated notes

Levels and vault maps discovered:
D:1:      matt_arrival_spirals, layout_loops_ring,
          chequers_ecumenical_altar_island, chequers_serial_rivers_room_b,
          minmay_misc_feat_nine_boxes
D:2:      layout_basic, chequers_serial_rivers_small_3
D:3:      layout_loops_ring
D:4:      layout_loops_corners, kennysheep_generic_room_5, uniq_robin
D:5:      kennysheep_kobold_camp, layout_cave_pools,
          gammafunk_ghost_nasty_kobolds, nicolae_fountain_basement
D:6:      minmay_evil_eye, layout_loops_ring, jmf_multi_god_temple2,
          temple_statues, gup_sewer_entry_bubbles, uniq_grinder, uniq_eustachio
D:7:      layout_loops_ring, worms_lemuel, uniq_prince_ribbit1
D:8:      layout_layer_cave, mainiacjoe_overflow_tiny_flanked, minivault_22,
          minmay_fire_ice_demons, uniq_joseph
D:9:      layout_roguey, lemuel_coloured_pillars_altar,
          mainiacjoe_overflow_alcove_2, nicolae_ru_the_path_less_chosen,
          chei_slow_surprise, serial_bayou_pond_b, kennysheep_path_1,
          lemuel_flamethrower_2, uniq_erolcha
Temple:   hellmonk_temple_two_chambers

Skill      XL: |  1  2  3  4  5  6  7  8  9 10 |
---------------+-------------------------------+-----
Fighting       | 4 5 6 7 8 |  8.7
Shields        | 4 5 6 7 8 |  8.1
Armour         | 4 5 7 8 9 10 | 10.1
Maces & Flails | 2 3 4 6 8 10 11 | 11.2
Stealth        | 1 |  1.3
Long Blades    | |  2.6
Dodging        | |  0.6

Action                   |  1- 3 |  4- 6 |  7- 9 | 10-12 || total
-------------------------+-------+-------+-------+-------++-------
Melee: Long sword        |    13 |       |       |       ||    13
       Mace              |    41 |    62 |   150 |    28 ||   281
       Headbutt          |     2 |     5 |    25 |     7 ||    39
Invok: Curse Item        |       |       |     3 |       ||     3
  Use: Scroll            |     4 |       |       |       ||     4
 Stab: Distracted        |       |       |     1 |     1 ||     2
Armor: Scale mail        |     8 |       |       |       ||     8
       Plate armour      |    32 |    58 |   134 |    17 ||   241
Dodge: Dodged            |    15 |    32 |    56 |     9 ||   112
Block: Buckler           |    11 |    23 |    48 |    14 ||    96
